 Dungeon Crawl Stone Soup version 0.29-a0-582-ge82337ba6a (webtiles) character file.

Game seed: 6153891156122920822

426 bande the Covered (level 6, 0/38 HPs)
             Began as a Gargoyle Fighter on June 15, 2022.
             Was an Initiate of Okawaru.
             Slain by a centaur (4 damage)
             ... on level 5 of the Dungeon.
             The game lasted 00:06:04 (3763 turns).

bande the Covered (Gargoyle Fighter)                Turns: 3763, Time: 00:06:05

Health: 0/38       AC: 18    Str: 20    XL:     6   Next: 97%
Magic:  6/6        EV: 10    Int:  8    God:    Okawaru [......]
Gold:   1340       SH:  4    Dex: 11    Spells: 5/5 levels left

rFire   . . .      SeeInvis .   a - +0 war axe (venom)
rCold   . . .      Faith    .   c - +0 buckler
rNeg    + + .      Spirit   .   u - +2 ring mail {rN+}
rPois   ∞          Reflect  .   i - +0 helmet
rElec   +          Harm     .   l - +0 cloak
rCorr   .          Rampage  .   s - +0 pair of gloves
Will    .....                   g - +1 pair of boots
Stlth   +.........              (no amulet)
HPRegen 0.12/turn               (no ring)
MPRegen 0.10/turn               (no ring)

@: no status effects
A: sickness immunity, AC +4, negative energy resistance 1, electricity
resistance, torment resistance 1, petrification resistance
a: Renounce Religion


You were on level 5 of the Dungeon.
You worshipped Okawaru.
Okawaru was noncommittal.
You visited 2 branches of the dungeon, and saw 6 of its levels.

You collected 1340 gold pieces.

Inventory:

Hand Weapons
 a - a +0 war axe of venom (weapon)
 r - a +0 morningstar
Armour
 c - a +0 buckler (worn)
 g - a +1 pair of boots (worn)
 i - a +0 helmet (worn)
 l - a +0 cloak (worn)
 s - a +0 pair of gloves (worn)
 u - a +2 ring mail of positive energy (worn)
Wands
 p - a wand of flame (12)
Scrolls
 b - a scroll of identify
 t - 2 scrolls of teleportation
 v - a scroll of blinking {unknown}
 w - a scroll of enchant armour {unknown}
 x - a scroll of magic mapping {unknown}
 y - a scroll of summoning
Potions
 d - a potion of might
 e - a potion of flight
 f - a potion of berserk rage {unknown}
 h - 3 potions of ambrosia {unknown}
 j - a potion of mutation {unknown}
 k - 4 potions of curing
 m - a potion of lignification {unknown}
 n - a potion of heal wounds {unknown}
 o - 3 potions of haste
 q - 2 potions of attraction {unknown}


   Skills:
 + Level 4.2 Fighting
 + Level 4.3 Axes
 + Level 4.9 Armour
 + Level 3.9 Shields
 * Level 0.4 Invocations
 * Level 1.9 Evocations


You had 5 spell levels left.
You didn't know any spells.
Your spell library contained the following spells:

 Spells                   Type           Power      Damage    Failure   Level
 Sandblast                Erth           0%         2d4       67%         1
 Passwall                 Tmut/Erth      0%         N/A       80%         2
 Stone Arrow              Conj/Erth      0%         3d7       95%         3


Dungeon Overview and Level Annotations

Branches:
Dungeon (5/15)             Temple (1/1) D:4

Altars:
Ashenzari
Cheibriados
Fedhas
Gozag
Hepliaklqana
Makhleb
Nemelex Xobeh
Okawaru
Sif Muna
Yredelemnul
The Shining One


Innate Abilities, Weirdness & Mutations

You are immune to sickness and miasma.
Your stone body is resilient. (AC +4)
You are immune to poison.
You resist negative energy. (rN+)
You are resistant to electric shocks. (rElec)
You are resistant to unholy torment.
You are immune to petrification.


Message History

You barely miss the orc. The orc misses you.
The orc priest invokes the aid of Beogh against you.
Beogh smites you! You block the orc's attack.
The orc priest hits you but does no damage.
You closely miss the orc priest.
The orc priest is heavily wounded.
You hit the centaur. You barely miss the orc. You hit the orc priest.
The orc priest is poisoned.
The centaur hits you but does no damage.
You block the centaur's attack. The orc closely misses you.
The orc priest barely misses you. x2; The centaur barely misses you.
You block the centaur's attack.
The centaur hits you but does no damage.
The centaur kicks you but does no damage.
You block the orc's attack. The orc priest barely misses you.
The orc attacks as you move away! The orc closely misses you.
The centaur hits you but does no damage.
The centaur kicks you but does no damage.
The orc priest calls upon Beogh to heal the orc priest.
The orc priest's wounds heal themselves!
The centaur hits you but does no damage.
The centaur kicks you.
The orc priest attacks as you move away!
The orc priest hits you with a +0 short sword.
The orc attacks as you move away! The orc completely misses you.
An iguana comes into view.
The iguana hisses angrily.
You kill the orc priest!
Okawaru accepts your kill.
There is a stone staircase leading up here.
The centaur completely misses you. The centaur closely misses you.
The orc priest calls down the wrath of Beogh upon you.
Beogh smites you!
* * * LOW HITPOINT WARNING * * *
The black bear bites you.
* * * LOW HITPOINT WARNING * * *
The black bear barely misses you.
The black bear claws you but does no damage.
The centaur hits you.
You die...

... #.. >....
... ..... #.#
..l #<#
##.##.###
##....)).##
#.....o...##.#
#..=h#co......
#...#@#..#####
.......#...#
....!..
......#
####...
...##.# ####
.### # .# ..
#.


You could see a black bear, a centaur, an iguana, an orc priest (very poisoned)
and an orc.

Vanquished Creatures
  A black bear (D:4)
  A phantom (D:4)
  2 orc priests
  2 hounds (D:4)
  An iguana (D:4)
  An orc wizard (D:5)
  4 adders
  2 worms
  2 dart slugs
  3 orcs (D:3)
  3 endoplasms
  3 giant cockroaches
  5 goblins
  5 hobgoblins
  3 kobolds
  3 quokkas
  6 ball pythons
  4 bats
  3 frilled lizards
  7 rats
61 creatures vanquished.

Notes
Turn   | Place    | Note
-------+----------+-------------------------------------------
     0 | D:1      | bande the Gargoyle Fighter began the quest for the Orb.
     0 | D:1      | Reached XP level 1. HP: 14/14 MP: 1/1
   189 | D:1      | Found a faded altar of an unknown god.
   304 | D:1      | Reached XP level 2. HP: 19/19 MP: 2/2
   906 | D:1      | Reached XP level 3. HP: 19/24 MP: 3/3
  1662 | D:2      | Reached XP level 4. HP: 26/29 MP: 4/4
  2565 | D:4      | Identified a scroll of acquirement
  2565 | D:4      | Acquired 1132 gold pieces
  2643 | D:4      | Reached XP level 5. HP: 33/33 MP: 5/5
  2644 | D:4      | Noticed a black bear
  2654 | D:4      | Killed a black bear
  2655 | D:4      | Reached skill level 1 in Evocations
  2791 | D:4      | Reached XP level 6. HP: 38/38 MP: 6/6
  3214 | D:4      | Found a sparkling altar of Nemelex Xobeh.
  3486 | D:4      | Found a staircase to the Ecumenical Temple.
  3524 | Temple   | Entered the Ecumenical Temple
  3533 | Temple   | Became a worshipper of Warmaster Okawaru
  3751 | D:5      | Entered Level 5 of the Dungeon
  3755 | D:5      | Noticed a black bear
  3763 | D:5      | Slain by a centaur

Illustrated notes

Levels and vault maps discovered:
D:1:      dpeg_arrival_concentric_ovals, layout_basic,
          hellmonk_ecumenical_altar_heavens_door
D:2:      layout_basic
D:3:      layout_loops_ring, serial_bayou_pond_a, chequers_mini_garden
D:4:      layout_basic, nemelex_spade_bored_becter, temple_green
D:5:      layout_loops_ring, st_stairs_14
Temple:   eino_temple_lava

Skill      XL: |  1  2  3  4  5  6 |
---------------+-------------------+-----
Axes           | 2 3 4 |  4.3
Armour         | 4 |  4.9
Fighting       | 4 |  4.2
Evocations     | 1 |  1.9
Shields        | |  3.9
Invocations    | |  0.4

Action                   |  1- 3 |  4- 6 || total
-------------------------+-------+-------++-------
Melee: War axe           |    91 |    89 ||   180
  Use: Scroll            |     4 |     6 ||    10
Armor: Scale mail        |    65 |     4 ||    69
       Ring mail         |       |    67 ||    67
Dodge: Dodged            |    45 |    42 ||    87
Block: Buckler           |    27 |    21 ||    48

Table legend: (Time is in decaauts)
 A = Elapsed time spent in this place.
 B = Non-inter-level travel time spent in this place.
 C = Inter-level travel time spent in this place.
 D = Time resting spent in this place.
 E = Time spent auto-exploring this place.
 F = Levels seen in this place.
 G = Mean time per level.
                   A        B        C        D        E       F      G
               +--------+--------+--------+--------+--------+-----+--------+
         Total |   3833 |   3753 |     80 |    193 |   2875 |   6 |  638.8 |
       Dungeon |   3810 |   3730 |     80 |    193 |   2875 |   5 |  762.0 |
        Temple |     22 |     22 |      0 |      0 |      0 |   1 |   22.0 |
               +--------+--------+--------+--------+--------+-----+--------+

Top non-repeatable levels by time:
     D:4: 1185 daAuts
     D:1: 1103 daAuts
     D:2: 794 daAuts
     D:3: 713 daAuts
  Temple: 22 daAuts
     D:5: 13 daAuts
